 Dungeon Crawl Stone Soup version 0.28.0-53-g5a82cb258f (webtiles) character file.

Game seed: 17209499208120051759

90 Eitelfritz the Slasher (level 4, -1/37 HPs)
             Began as a Minotaur Gladiator on May 31, 2022.
             Slain by an adder (2 damage)
             ... on level 2 of the Dungeon.
             The game lasted 00:01:11 (1498 turns).

Eitelfritz the Slasher (Minotaur Gladiator)         Turns: 1498, Time: 00:01:13

Health: -1/37      AC:  3    Str: 19    XL:     4   Next: 32%
Magic:  3/3        EV: 12    Int:  7    God:
Gold:   67         SH:  0    Dex: 11    Spells: 3/3 levels left

rFire   . . .      SeeInvis .   a - +0 long sword
rCold   . . .      Faith    .   (no shield)
rNeg    . . .      Spirit   .   b - +0 leather armour
rPois   .          Reflect  .   c - +0 hat
rElec   .          Harm     .   (no cloak)
rCorr   .          Rampage  .   (no gloves)
Will    .....                   (no boots)
Stlth   +.........              (no amulet)
HPRegen 0.12/turn               (no ring)
MPRegen 0.08/turn               (no ring)

@: lethally poisoned (-1 -> -2)
A: horns 2, retaliatory headbutt
a: no special abilities


You were on level 2 of the Dungeon.
You visited 1 branch of the dungeon, and saw 2 of its levels.

You collected 67 gold pieces.

Inventory:

Hand Weapons
 a - a +0 long sword (weapon)
Missiles
 d - 3 throwing nets (quivered)
Armour
 b - a +0 leather armour (worn)
 c - a +0 hat (worn)
Scrolls
 e - a scroll of teleportation {unknown}
 f - a scroll of summoning {unknown}
 h - a scroll of enchant armour {unknown}
 i - 2 scrolls of magic mapping {unknown}
 j - a scroll of acquirement {unknown}
Potions
 g - 2 potions of degeneration {unknown}
 k - a potion of curing {unknown}


   Skills:
 + Level 2.7 Fighting
 + Level 4.5 Long Blades
 + Level 2.8 Throwing
 + Level 0.7 Armour
 + Level 4.2 Dodging


You had 3 spell levels left.
You didn't know any spells.
Your spell library was empty.

Dungeon Overview and Level Annotations

Branches:
Dungeon (2/15)

Altars:


Innate Abilities, Weirdness & Mutations

You have a pair of horns on your head.
You reflexively headbutt those who attack you in melee.


Message History

You are more poisoned.
The adder poisons you!
You closely miss the adder.
The adder is moderately wounded.
You feel very sick. The adder bites you.
The kobold hits you with a +0 short sword. x2
The adder barely misses you.
You barely miss the adder.
The adder is moderately wounded.
You feel very sick. The adder closely misses you. You furiously retaliate!
You headbutt the adder. The kobold barely misses you.
You closely miss the adder.
The adder is heavily wounded.
You feel sick. The adder bites you. The kobold misses you.
The adder bites you but does no damage.
You closely miss the adder.
The adder is heavily wounded.
You feel sick. The adder barely misses you. The kobold closely misses you.
You closely miss the adder. Your headbutt misses the adder.
The adder is heavily wounded.
You feel sick. The adder barely misses you.
The kobold hits you with a +0 short sword.
* * * LOW HITPOINT WARNING * * *
The adder bites you but does no damage.
You barely miss the adder. Your headbutt misses the adder.
The adder is heavily wounded.
You feel sick.
The kobold hits you with a +0 short sword.
* * * LOW HITPOINT WARNING * * *
The adder barely misses you.
You miss the adder. You headbutt the adder.
The adder is almost dead.
You feel sick. The adder bites you but does no damage.
The kobold barely misses you.
The kobold hits you with a +0 short sword.
* * * LOW HITPOINT WARNING * * *
The adder bites you.
You die...

#### ... #### #..
#####...
#.########.....## . ##
#.......).###### ..##.#
##.....รท.)))....
......###.#######.######
......K#...# #.#
......S@.#.# #.#
.######.##.# #.# #.# .#
#.# #.# .# #.# #.. .#
#.# #.. ## #.## #.. #..#
...# ##.##### ##...##..


You could see an adder and a kobold.

Vanquished Creatures
  Natasha (twice) (D:2)
  Robin (D:2)
  An adder (D:2)
  A worm (D:2)
  3 ball pythons
  2 endoplasms
  4 goblins (D:2)
  3 hobgoblins
  A kobold (D:1)
  A rat (D:1)
19 creatures vanquished.

Notes
Turn   | Place    | Note
-------+----------+-------------------------------------------
     0 | D:1      | Eitelfritz the Minotaur Gladiator began the quest for the
                  | Orb.
     0 | D:1      | Reached XP level 1. HP: 18/18 MP: 0/0
   775 | D:2      | Reached XP level 2. HP: 25/25 MP: 1/1
   878 | D:2      | Noticed Natasha
   883 | D:2      | Killed Natasha
   884 | D:2      | Reached XP level 3. HP: 20/30 MP: 2/2
  1106 | D:2      | Found a faded altar of an unknown god.
  1184 | D:2      | Noticed Robin
  1195 | D:2      | Killed Robin
  1246 | D:2      | Noticed Natasha
  1251 | D:2      | Killed Natasha
  1252 | D:2      | Reached XP level 4. HP: 10/37 MP: 3/3
  1498 | D:2      | HP: 1/37 [kobold/+0 short sword (1)]
  1498 | D:2      | Slain by an adder

Illustrated notes

Levels and vault maps discovered:
D:1:      giann_horns, layout_basic, grunt_decor_arrowhead
D:2:      minmay_inner_zag, layout_loops_ring, shapermc_ecumenical_altar_venn,
          uniq_natasha, uniq_robin

Skill      XL: |  1  2  3 |
---------------+----------+-----
Long Blades    | 4 |  4.5
Dodging        | 4 |  4.2
Fighting       | |  2.7
Throwing       | |  2.8
Armour         | |  0.7

Action                   |  1- 3 |  4- 6 || total
-------------------------+-------+-------++-------
Melee: Long sword        |    34 |    11 ||    45
       Headbutt          |     9 |     1 ||    10
       Punch             |     1 |       ||     1
Armor: Leather armour    |     5 |     4 ||     9
Dodge: Dodged            |    24 |    11 ||    35
